 Dungeon Crawl Stone Soup version 0.27.1-34-g3ba077fa99 (webtiles) character file.

Game seed: 610244933285290408

32 McKennaii the Sneak (level 3, -2/29 HPs)
             Began as a Demonspawn Delver on Jan 15, 2022.
             Slain by an orc (5 damage)
             ... on level 4 of the Dungeon.
             The game lasted 00:00:57 (143 turns).

McKennaii the Sneak (Demonspawn Delver)              Turns: 143, Time: 00:00:57

Health: -2/29      AC:  5    Str: 13    XL:     3   Next: 8%
Magic:  3/3        EV: 11    Int: 11    God:
Gold:   0          SH:  0    Dex: 14    Spells: 2/2 levels left

rFire    . . .     SeeInvis .   a - +0 spear
rCold    . . .     Faith    .   (no shield)
rNeg     . . .     Spirit   .   b - +0 leather armour
rPois    .         Reflect  .   (no helmet)
rElec    .         Harm     .   (no cloak)
rCorr    .         Rampage  .   (no gloves)
Will     .....                  (no boots)
Stlth    +++.......             (no amulet)
HPRegen  0.09/turn              i - ring of flight
MPRegen  0.08/turn              (no ring)

@: flying
A: icy blue scales 1
a: no special abilities


You were on level 4 of the Dungeon.
You visited 1 branch of the dungeon, and saw 2 of its levels.

Inventory:

Hand Weapons
 a - a +0 spear (weapon)
Armour
 b - a +0 leather armour (worn)
Jewellery
 i - a ring of flight (left hand)
Wands
 g - a wand of digging (3)
Scrolls
 c - a scroll of fog
 d - a scroll of magic mapping
 e - a scroll of fear
 h - a scroll of identify {unknown}
Potions
 f - a potion of haste


   Skills:
 + Level 3.2 Fighting
 + Level 1.9 Polearms
 + Level 1.8 Dodging
 + Level 5.2 Stealth


You had 2 spell levels left.
You didn't know any spells.
Your spell library was empty.

Dungeon Overview and Level Annotations

Branches:
Dungeon (5/15)
 Temple: D:4-7

Altars:


Innate Abilities, Weirdness & Mutations

You are partially covered in icy blue scales. (AC +2)


Message History

The dart slug is moderately wounded.
The dart slug bites you but does no damage.
You hit the dart slug but do no damage.
The dart slug is moderately wounded.
The dart slug launches a dart at you. The slug dart misses you.
You hit the dart slug.
The dart slug is heavily wounded.
You hit the dart slug.
The dart slug is severely wounded.
The dart slug closely misses you. The orc hits you with a +4 whip.
You barely miss the dart slug.
The dart slug is severely wounded.
The dart slug launches a dart at you. The slug dart hits you.
The orc hits you with a +4 whip.
You hit the dart slug.
You kill the dart slug!
The orc hits you with a +4 whip.
You hit the orc.
The orc is moderately wounded.
The orc hits you with a +4 whip!
* * * LOW HITPOINT WARNING * * *
You hit the orc.
The orc is severely wounded.
The orc misses you.
You barely miss the orc.
The orc is severely wounded.
The orc hits you with a +4 whip.
* * * LOW HITPOINT WARNING * * *
You hit the orc but do no damage.
The orc is severely wounded.
The orc hits you with a +4 whip.
* * * LOW HITPOINT WARNING * * *
You closely miss the orc.
The orc is severely wounded.
The orc closely misses you.
You barely miss the orc.
The orc is severely wounded.
The orc hits you with a +4 whip.
You die...

#####
......
......#####
.........>#
.......@>.#
.......o..#
###.......#
#.........
#......###.
#....... ..
##...... .
###.#.##


You could see an orc.

Vanquished Creatures
  A hound (D:5)
  A dart slug (D:4)
2 creatures vanquished.

Notes
Turn   | Place    | Note
-------+----------+-------------------------------------------
     0 | D:5      | McKennaii the Demonspawn Delver began the quest for the
                  | Orb.
     0 | D:5      | Reached XP level 1. HP: 18/18 MP: 1/1
    25 | D:5      | Noticed a hound
    40 | D:5      | Killed a hound
    41 | D:5      | Reached skill level 5 in Stealth
    41 | D:5      | Gained mutation: You are partially covered in icy blue
                  | scales. (AC +2) [demonic ancestry]
    41 | D:5      | Reached XP level 2. HP: 19/24 MP: 2/2
    41 | D:5      | Reached XP level 3. HP: 23/29 MP: 3/3
   143 | D:4      | Slain by an orc

Illustrated notes

Levels and vault maps discovered:
D:4:      minmay_polygon_palace, layout_basic, minmay_temple_entry_stoned_glass
D:5:      layout_gridville, gammafunk_ghost_cemetery, uniq_pikel, uniq_duvessa

Skill      XL: |  1 |
---------------+----+-----
Stealth        | 5 |  5.2
Fighting       | |  3.2
Polearms       | |  1.9
Dodging        | |  1.8

Action                   || total
-------------------------++-------
Melee: Spear             ||    23
 Stab: Sleeping          ||     1
Armor: Leather armour    ||     3
Dodge: Dodged            ||    10
